 Dungeon Crawl Stone Soup version 0.27-a0-380-g150de4c316 (webtiles) character file.

Game seed: 3701485256749541083

296 rednaxela the Poker (level 6, -1/47 HPs)
             Began as a Formicid Abyssal Knight on Feb 18, 2021.
             Was a Believer of Lugonu.
             Slain by an ogre
             ... wielding a +0 giant club
              (22 damage)
             ... on level 4 of the Dungeon.
             The game lasted 00:08:43 (2935 turns).

rednaxela the Poker (Formicid Abyssal Knight)       Turns: 2935, Time: 00:08:44

Health: -1/47      AC: 15    Str: 16    XL:     6   Next: 61%
Magic:  7/7        EV:  7    Int: 18    God:    Lugonu [**....]
Gold:   177        SH:  0    Dex: 12    Spells: 5/5 levels left

rFire    . . .     SeeInvis +   a - +1 spear
rCold    . . .     Faith    .   (no shield)
rNeg     . . .     Spirit   .   h - +0 chain mail
rPois    .         Reflect  .   (helmet unavailable)
rElec    .         Harm     .   d - +2 cloak
rCorr    .         Rampage  .   (no gloves)
Will     .....                  (no boots)
Stlth    ..........             f - amulet of magic regeneration
HPRegen  0.15/turn              g - +4 ring of protection
MPRegen  0.35/turn              j - +6 ring of intelligence

@: no status effects
A: permanent stasis, dig shafts and tunnels, four strong arms, antennae 3
a: Dig, Shaft Self, Renounce Religion, Depart the Abyss, Bend Space


You were on level 4 of the Dungeon.
You worshipped Lugonu.
Lugonu was pleased with you.
You visited 1 branch of the dungeon, and saw 4 of its levels.
You visited the Abyss 1 time.

You collected 177 gold pieces.

Inventory:

Hand Weapons
 a - a +1 spear (weapon)
Missiles
 b - 5 javelins (quivered)
Armour
 d - a +2 cloak (worn)
   (You found it on level 4 of the Dungeon)
 h - a +0 chain mail (worn)
   (You found it on level 1 of the Dungeon)
 n - a +0 plate armour
   (You found it on level 2 of the Dungeon)
Jewellery
 f - an amulet of magic regeneration (around neck)
   (You found it on level 1 of the Dungeon)
 g - a +4 ring of protection (left hand)
   (You found it on level 1 of the Dungeon)
 j - a +6 ring of intelligence (right hand)
   (You found it on level 1 of the Dungeon)
Wands
 t - a wand of polymorph (8)
   (You found it on level 4 of the Dungeon)
Scrolls
 c - a scroll of enchant weapon
 k - a scroll of immolation
 l - a scroll of fog {!r}
 o - a scroll of blinking {unknown}
Potions
 e - 4 potions of heal wounds {@q2 !q}
 i - a potion of brilliance {unknown}
 m - 4 potions of flight {unknown}
 q - a potion of might {unknown}
 r - a potion of curing {unknown}
 s - a potion of invisibility {unknown}


   Skills:
 - Level 3.2 Fighting
 + Level 6.5 Polearms
 - Level 2.1 Armour
 - Level 0.8 Dodging
 - Level 2.1 Invocations


You had 5 spell levels left.
You didn't know any spells.
Your spell library was empty.

Dungeon Overview and Level Annotations

Branches:
Dungeon (4/15)
 Temple: D:4-7

Altars:


Innate Abilities, Weirdness & Mutations

You cannot be hasted, slowed, berserked, paralysed or teleported.
You can dig through walls and to a lower floor.
Your four strong arms can wield two-handed weapons with a shield.
You have a pair of large antennae on your head. (SInv)


Message History

There is a stone staircase leading up here.
You sense a monster nearby.
Found a stone staircase leading down.
A quokka skeleton comes into view.
You reach to attack!
You completely miss the quokka skeleton.
You barely miss the quokka skeleton.
The quokka skeleton bites you but does no damage.
You barely miss the quokka skeleton. You hit the quokka skeleton.
The quokka skeleton is severely damaged.
The quokka skeleton bites you but does no damage.
You hit the quokka skeleton.
The quokka skeleton is almost destroyed.
The quokka skeleton bites you.
You hit the quokka skeleton but do no damage.
The quokka skeleton is almost destroyed.
The quokka skeleton closely misses you.
You closely miss the quokka skeleton.
The quokka skeleton is almost destroyed.
The quokka skeleton bites you but does no damage.
You hit the quokka skeleton.
You destroy the quokka skeleton!
s - an orange potion HP restored.
An adder comes into view.
The adder hisses angrily.
An adder is nearby!
You barely miss the adder. The adder barely misses you.
You barely miss the adder. The adder barely misses you.
You hit the adder.
The adder is heavily wounded.
The adder bites you but does no damage.
You miss the adder.
The adder is heavily wounded.
The adder bites you.
You closely miss the adder.
The adder is heavily wounded.
The adder bites you but does no damage.
You barely miss the adder.
The adder is heavily wounded.
The adder barely misses you.
You hit the adder.
The adder is severely wounded.
The adder bites you but does no damage.
You closely miss the adder.
The adder is severely wounded.
The adder bites you.
You hit the adder but do no damage.
The adder is severely wounded.
The adder barely misses you.
You closely miss the adder.
The adder is heavily wounded.
The adder bites you but does no damage.
You hit the adder.
The adder is almost dead.
The adder bites you but does no damage.
You hit the adder.
You kill the adder!
No target in view!
Found an escape hatch in the floor.
Found a stone staircase leading down.
t - a wand of polymorph (8)
There is a stone staircase leading down here.
m - 4 fizzy inky potions (gained 1)
Found a stone staircase leading up.
An ogre comes into view. It is wielding a +0 giant club.
The ogre shouts!
An ogre is nearby!
Throw: 7 javelins
Press: ? - help, Shift-Dir - straight line, f - ogre
Aim: an ogre, wielding a +0 giant club (72% to hit)
You throw a javelin. The javelin barely misses the ogre.
Okay, then.
You throw a poisoned dart. The poisoned dart hits the ogre.
You throw a poisoned dart. The poisoned dart hits the ogre.
The ogre is poisoned.
You throw a javelin. The javelin pierces through the ogre!
The ogre is moderately wounded.
You hit the ogre but do no damage.
The ogre is moderately wounded.
The ogre hits you with a +0 giant club!
You hit the ogre but do no damage.
The ogre is moderately wounded.
You hit the ogre.
The ogre is moderately wounded.
The ogre hits you with a +0 giant club!
* * * LOW HITPOINT WARNING * * *
The ogre looks more healthy.
Okay, then.
You hit the ogre.
The ogre is heavily wounded.
The ogre hits you with a +0 giant club.
* * * LOW HITPOINT WARNING * * *
You hit the ogre.
The ogre is severely wounded.
You hit the ogre.
The ogre is severely wounded.
The ogre hits you with a +0 giant club!!
You die...

#..........#
#..........#
##......#### #
#####...###### .#
#......#....# #..#
#......#.##.###<..#
#......#.#........
#......#.#....#.# #(
#....>.#...@....#.(.
#.......##O#....(...
#.......##.#....###
#.......###.....#
#.......# #.##..#
#######.###.# ..#
#####..##.# ##
#.......#..
#.####..###


You could see an ogre.

Vanquished Creatures
  A bullfrog (D:3)
  A hound (D:4)
  Jessica (D:3)
  2 orc wizards (D:3)
  A worker ant (D:4)
  3 adders
  An ooze (D:3)
  3 dart slugs
  3 leopard geckos (D:2)
  3 orcs (D:3)
  A ball python (D:3)
  4 giant cockroaches
  5 hobgoblins
  3 jackals (D:4)
  A quokka (D:2)
  4 bats
  3 frilled lizards
  6 goblins
  7 kobolds
  A quokka skeleton (D:4)
  6 rats
60 creatures vanquished.

Notes
Turn   | Place    | Note
-------+----------+-------------------------------------------
     0 | Abyss:1  | rednaxela the Formicid Abyssal Knight began the quest for
                  | the Orb.
     0 | Abyss:1  | Reached XP level 1. HP: 18/18 MP: 2/2
    14 | Abyss:1  | Found a corrupted altar of Lugonu.
   153 | Abyss:1  | Noticed a small abomination
   154 | D:1      | Escaped the Abyss
   523 | D:1      | Reached * piety under Lugonu
   524 | D:1      | Reached XP level 2. HP: 24/24 MP: 3/3
   837 | D:2      | Reached skill level 3 in Polearms
   937 | D:2      | Reached XP level 3. HP: 26/29 MP: 4/4
  1604 | D:3      | Reached skill level 4 in Polearms
  1604 | D:3      | Reached XP level 4. HP: 34/35 MP: 5/5
  1901 | D:3      | Noticed a bullfrog
  1914 | D:3      | Killed a bullfrog
  1915 | D:3      | Reached skill level 5 in Polearms
  1915 | D:3      | Reached XP level 5. HP: 19/41 MP: 6/6
  2419 | D:3      | Reached XP level 6. HP: 37/47 MP: 7/7
  2553 | D:3      | Noticed Jessica
  2557 | D:3      | Killed Jessica
  2558 | D:3      | Reached skill level 6 in Polearms
  2631 | D:4      | Reached ** piety under Lugonu
  2921 | D:4      | Noticed an ogre
  2935 | D:4      | Slain by an ogre

Illustrated notes

Levels and vault maps discovered:
D:1:      minmay_arrival_semitransparent, layout_basic, minmay_liquid_box,
          kennysheep_minor_cross
D:2:      layout_rooms
D:3:      layout_loops_ring, uniq_jessica
D:4:      layout_basic, gammafunk_temple_overflow_statue,
          nemelex_xobeh_ov_fountains_minmay, dk_yredelemnul_ordeal, uniq_sigmund

Skill      XL: |  1  2  3  4  5  6 |
---------------+-------------------+-----
Polearms       | 3 4 5 6 |  6.5
Fighting       | |  3.2
Armour         | |  2.1
Dodging        | |  0.8
Invocations    | |  2.1

Action                   |  1- 3 |  4- 6 || total
-------------------------+-------+-------++-------
Melee: Spear             |   129 |   159 ||   288
Throw: Dart              |       |     2 ||     2
       Javelin           |       |     2 ||     2
Invok: Depart the Abyss  |     1 |       ||     1
  Use: Scroll            |     4 |     1 ||     5
Armor: Leather armour    |     5 |       ||     5
       Chain mail        |    58 |    70 ||   128
Dodge: Dodged            |    29 |    40 ||    69

Table legend: (Time is in decaauts)
 A = Elapsed time spent in this place.
 B = Non-inter-level travel time spent in this place.
 C = Inter-level travel time spent in this place.
 D = Time resting spent in this place.
 E = Time spent auto-exploring this place.
 F = Levels seen in this place.
 G = Mean time per level.
                   A        B        C        D        E       F      G
               +--------+--------+--------+--------+--------+-----+--------+
         Total |   2908 |   2813 |     95 |    197 |   1880 |   5 |  581.6 |
       Dungeon |   2754 |   2659 |     95 |    197 |   1761 |   4 |  688.5 |
         Abyss |    154 |    154 |      0 |      0 |    119 |   1 |  154.0 |
               +--------+--------+--------+--------+--------+-----+--------+

Top non-repeatable levels by time:
     D:3: 1089 daAuts
     D:2: 754 daAuts
     D:1: 678 daAuts
     D:4: 232 daAuts
 Abyss:1: 154 daAuts
